 Dungeon Crawl Stone Soup version 0.30.0-3-ga4e48a9924 (webtiles) character file.

Game seed: 1837791141252500735

93 Twinkles the Trooper (level 4, 0/29 HPs)
             Began as a Gargoyle Fighter on May 7, 2023.
             Slain by a gnoll
             ... wielding a +0 flail
              (8 damage)
             ... on level 3 of the Dungeon.
             The game lasted 00:05:51 (2687 turns).

Twinkles the Trooper (Gargoyle Fighter)             Turns: 2687, Time: 00:05:52

Health: 0/29       AC: 11    Str: 22    XL:     4   Next: 62%
Magic:  4/4        EV:  9    Int:  8    God:
Gold:   250        SH:  4    Dex:  9    Spells: 3/3 levels left

rFire   . . .        a - +0 flail
rCold   . . .        c - +0 buckler
rNeg    + . .        b - +0 scale mail
rPois   ∞            (no helmet)
rElec   +            k - +0 cloak
rCorr   .            (no gloves)
SInv    .            (no boots)
Will    .....        (no amulet) Stlth
                     (no ring)
HPRegen 0.24/turn    (no ring)
MPRegen 0.09/turn

%: no passive effects
@: mighty
A: sickness immunity, AC +3, negative energy resistance 1, electricity
resistance, torment resistance 1, petrification resistance
a: no special abilities


You were on level 3 of the Dungeon.
You visited 1 branch of the dungeon, and saw 4 of its levels.

You collected 250 gold pieces.

Inventory:

Hand Weapons
 a - a +0 flail (weapon)
Missiles
 r - a throwing net (quivered)
Armour
 b - a +0 scale mail (worn)
 c - a +0 buckler (worn)
 k - a +0 cloak (worn)
Scrolls
 d - a scroll of amnesia {unknown}
 e - 2 scrolls of enchant weapon {unknown}
 f - a scroll of enchant armour {unknown}
 g - a scroll of teleportation {unknown}
 h - a scroll of poison {unknown}
 i - a scroll of vulnerability {unknown}
 j - a scroll of butterflies {unknown}
 n - 2 scrolls of acquirement {unknown}
 q - a scroll of blinking {unknown}
 s - a scroll of identify {unknown}
Potions
 l - a potion of attraction {unknown}
 m - a potion of heal wounds {unknown}
 o - a potion of curing {unknown}
 p - a potion of degeneration {unknown}
 M - 2 potions of might


   Skills:
 + Level 4.2 Fighting
 + Level 3.1 Maces & Flails
 + Level 4.1 Armour
 - Level 3.4 Shields


You had 3 spell levels left.
You didn't know any spells.
Your spell library contained the following spells:

 Spells                   Type           Power      Damage    Failure   Level
 Kiss of Death            Conj/Necr      0%         2d5       80%         1
 Ignite Poison            Fire/Tmut/Pois 0%         N/A       99%         3
 Freezing Cloud           Conj/Ice/Air   0%         6-21      100%        5
 Summon Cactus Giant      Summ           0%         N/A       100%        6
 Monstrous Menagerie      Summ           0%         N/A       100%        7
 Cigotuvi's Dreadful Rot  Necr/Pois/Air  Unusable   N/A       N/A         2

Dungeon Overview and Level Annotations

Branches:
Dungeon (4/15) Zot: 21214
 Temple: D:4-7

Altars:

Shops:
D:1 [   D:3 ((:==

Annotations:
D:2 1 runed translucent door, Crazy Yiuf


Innate Abilities, Weirdness & Mutations

You are immune to sickness and miasma.
Your stone body is resilient. (AC +3)
You are immune to poison.
You resist negative energy. (rN+)
You are resistant to electric shocks. (rElec)
You are resistant to unholy torment.
You are immune to petrification.


Message History

The gnoll is moderately wounded.
The gnoll hits you with a +0 whip.
You are too injured to fight recklessly!
You are too injured to fight recklessly!
The gnoll hits you with a +0 whip!
You climb upwards.
There is a stone staircase leading down here.
You barely miss the gnoll.
The gnoll is moderately wounded.
The gnoll hits you with a +0 whip. The gnoll hits you but does no damage.
You sock the gnoll!
The gnoll is almost dead.
You block the gnoll's attack.
You barely miss the gnoll.
The gnoll is almost dead.
The gnoll hits you but does no damage.
You barely miss the gnoll.
The gnoll is severely wounded.
The gnoll hits you with a +0 whip. The gnoll closely misses you.
You hit the gnoll.
You kill the gnoll!
You start resting.
HP restored.
You climb downwards.
The gnoll hits you with a +0 flail. The gnoll barely misses you.
There is a stone staircase leading up here.
The gnoll hits you with a +0 flail!
You climb upwards.
There is a stone staircase leading down here.
You barely miss the gnoll. The gnoll hits you but does no damage.
You hit the gnoll.
The gnoll is moderately wounded.
The gnoll hits you with a +0 flail. You block the gnoll's attack.
You hit the gnoll.
The gnoll is moderately wounded.
The gnoll hits you with a +0 flail!
* * * LOW HITPOINT WARNING * * *
You feel very mighty all of a sudden. The gnoll hits you with a +0 flail!
You die...

..##### #.# #.###..# .## #.####
#.# #..# .# #....# #.# #..# .#
####.# #.# #..# .# #.# #.###...
## #.# #......# #.# #.....##
#.######## #.......
#..@)....####.....##
##..g####.##......### ####.#
#.#.....#.## ##############∩'.#
#..........# .............#####
###.....#..##
##.#########....########.#.......
##.# ##..........##.#.##.∩#. ...#
##................##..#. ..∩#
#....(....##.##.####..#.


You could see a gnoll.

Vanquished Creatures
  A gnoll (D:3)
  2 adders
  A worm (D:1)
  3 dart slugs
  An orc (D:3)
  7 endoplasms
  5 giant cockroaches
  3 hobgoblins
  5 jackals (D:1)
  2 quokkas
  6 ball pythons
  4 bats
  3 frilled lizards
  6 goblins
  2 kobolds
  2 rats
53 creatures vanquished.

Vanquished Creatures (others)
  9 plants (D:1)
9 creatures vanquished.

Grand Total: 62 creatures vanquished

Notes
Turn   | Place    | Note
-------+----------+-------------------------------------------
     0 | D:1      | Twinkles the Gargoyle Fighter began the quest for the Orb.
     0 | D:1      | Reached XP level 1. HP: 14/14 MP: 1/1
    60 | D:1      | Found Ehaag's Antique Armour Boutique.
   230 | D:1      | Reached XP level 2. HP: 8/19 MP: 2/2
   564 | D:1      | Reached XP level 3. HP: 23/24 MP: 3/3
  1313 | D:2      | Got the Catalogue of the Hurtful Band
  1371 | D:2      | Reached XP level 4. HP: 28/29 MP: 4/4
  1849 | D:2      | Found a runed translucent door.
  1850 | D:2      | Noticed Crazy Yiuf
  2095 | D:3      | Found Muinguxe's Book Shoppe.
  2185 | D:3      | Found Cuuschoq's Weapon Boutique.
  2250 | D:3      | Found Tujothy's Antique Weapon Shoppe.
  2268 | D:3      | Found Osaasuic's Jewellery Shop.
  2332 | D:3      | Found Hikk's Jewellery Boutique.
  2686 | D:3      | HP: 8/29 [gnoll/+0 flail (8)]
  2687 | D:3      | Slain by a gnoll

Illustrated notes

Levels and vault maps discovered:
D:1:      lemuel_arrival_funnel, layout_basic, serial_bayou,
          serial_bayou_pond_e, serial_bayou_pond_d, serial_bayou_pond_a,
          serial_bayou_lagoon_b, serial_bayou_lake_a, serial_bayou_pond_e,
          serial_shops, shop, minmay_indecisive_spiral
D:2:      layout_basic, minmay_worlds_worst_comb, uniq_crazy_yiuf_cottage
D:3:      layout_loops_ring, serial_shops, shop, nicolae_shop_tiny_glass,
          nicolae_shop_peninsula, shop, nicolae_shop_pleasant_corner_grove,
          serial_bayou_pond_e, minmay_door_square
D:4:      wad_crossroads, layout_loops_ring,
          grunt_temple_overflow_gold_and_silver, serial_shops, shop,
          st_stairs_8, hangedman_decor_growths, chequers_serial_rivers_micro_b,
          nicolae_stop_n_shop_2, chequers_serial_rivers_micro_a, dk_vineyard_3

Skill      XL: |  1  2  3  4 |
---------------+-------------+-----
Fighting       | 4 |  4.2
Armour         | 4 |  4.1
Maces & Flails | 3 |  3.1
Shields        | |  3.4

Action                     |  1- 3 |  4- 6 || total
---------------------------+-------+-------++-------
  Melee: Flail             |   112 |    47 ||   159
    Use: Potion            |       |     1 ||     1
 Armour: Scale mail        |    81 |    13 ||    94
  Dodge: Dodged            |    57 |    20 ||    77
  Block: Buckler           |    17 |     8 ||    25
